 Dungeon Crawl Stone Soup version 0.27-a0-412-g8dd771eca2 (webtiles) character file.

Game seed: 853172554635895263

168 Anon1729 the Magician (level 5, 0/24 HPs)
             Began as a Spriggan Venom Mage on Feb 23, 2021.
             Splashed by Ijyb's acid (9 damage)
             ... on level 3 of the Dungeon.
             The game lasted 00:06:04 (3704 turns).

Anon1729 the Magician (Spriggan Venom Mage)         Turns: 3704, Time: 00:06:04

Health: 0/24       AC:  2    Str:  4    XL:     5   Next: 23%
Magic:  12/12      EV: 18    Int: 17    God:
Gold:   155        SH:  0    Dex: 16    Spells: 10/13 levels left

rFire    . . .     SeeInvis +   e - +0 whip
rCold    . . .     Faith    .   (shield restricted)
rNeg     . . .     Spirit   .   a - +0 robe
rPois    .         Reflect  .   (helmet restricted)
rElec    .         Harm     .   (no cloak)
rCorr    .         Rampage  .   (gloves unavailable)
Will     .....                  (boots unavailable)
Stlth    +++.......             (no amulet)
HPRegen  0.08/turn              (no ring)
MPRegen  0.13/turn              (no ring)

@: very quick
A: very small, unfitting armour, see invisible, speed 3
a: no special abilities


You were on level 3 of the Dungeon.
You visited 1 branch of the dungeon, and saw 3 of its levels.

You collected 155 gold pieces.

Inventory:

Hand Weapons
 e - a +0 whip (weapon)
Armour
 a - a +0 robe (worn)
Scrolls
 g - a scroll of enchant weapon {unknown}
 i - 2 scrolls of identify {unknown}
 j - a scroll of immolation {unknown}
 k - a scroll of teleportation {unknown}
 l - a scroll of blinking {unknown}
 m - 3 scrolls of enchant armour {unknown}
Potions
 b - 3 potions of degeneration {unknown}
 c - a potion of mutation {unknown}
 d - a potion of ambrosia {unknown}
 f - 9 potions of curing {unknown}
 h - a potion of flight {unknown}
 n - 2 potions of attraction {unknown}


   Skills:
 + Level 3.5 Dodging
 + Level 3.6 Stealth
 + Level 4.5 Spellcasting
 + Level 2.6 Transmutations
 * Level 4.2 Poison Magic


You had 10 spell levels left.
You knew the following spells:

 Your Spells              Type           Power        Failure   Level
a - Sting                 Tmut/Pois      60%          3%          1
b - Poisonous Vapours     Pois/Air       22%          10%         2

Your spell library contained the following spells:

 Spells                   Type           Power        Failure   Level
 Beastly Appendage        Tmut           24%          4%          1
 Wereblood                Tmut           12%          8%          2
 Spider Form              Tmut/Pois      7%           11%         3
 Ignite Poison            Fire/Tmut/Pois 11%          17%         3
 Mephitic Cloud           Conj/Pois/Air  8%           26%         3
 Olgreb's Toxic Radiance  Pois           18%          26%         4
 Ice Form                 Ice/Tmut       8%           65%         4
 Blade Hands              Tmut           6%           80%         5


Dungeon Overview and Level Annotations

Branches:
Dungeon (3/15)

Altars:
Dithmenos
Makhleb
Okawaru
Vehumet

Annotations:
D:3 Ijyb


Innate Abilities, Weirdness & Mutations

You are very small and have problems with some larger weapons.
You are too small for most types of armour.
You have supernaturally acute eyesight. (SInv)
You cover ground extremely quickly.


Message History

You can't see any susceptible monsters within range! (Use Z to cast anyway.)
n - 2 glowing brown potions (gained 1)
m - 2 scrolls labelled DUNI ZAGAVYVU (gained 1)
f - 9 blue potions (gained 1)
Found a robe.
You now have 136 gold pieces (gained 7).
You now have 150 gold pieces (gained 14).
You see here a robe.
An orc comes into view. It is wielding a +0 hand axe.
You see here a mace.
An orc is nearby!
An orc is nearby!
An orc is nearby!
The orc shouts!
You can't see any susceptible monsters within range! (Use Z to cast anyway.)
You can't see any susceptible monsters within range! (Use Z to cast anyway.)
The sting misses the orc.
The sting hits the orc.
The orc is poisoned.
The orc is moderately wounded.
The orc completely misses you.
The sting hits the orc.
The orc looks even sicker.
The orc is severely wounded.
You kill the orc!
You can't see any susceptible monsters within range! (Use Z to cast anyway.)
Things that are here:
a +0 hand axe; an orc corpse
m - 3 scrolls labelled DUNI ZAGAVYVU (gained 1)
You now have 155 gold pieces (gained 5).
You see here a hunting sling.
There is a stone staircase leading down here.
Ijyb the Twisted Goblin comes into view.
She is wielding a +4 club and carrying a wand of acid (10).
Ijyb shouts!
You hear a shout!
Ijyb moves out of view.
A kobold comes into view.
There are monsters nearby!
There are monsters nearby!
Ijyb zaps a wand.
The bolt of acid hits you!
Ouch! That really hurt!
You are splashed with acid!
You die...

.........)....#######
..###...........>...#
...#).....###.#####.#
#.............# #.#
##.##.......#.# #.#
#............# #.#
####.......#.#####.#
##.>..........#.#
#######.........@...#
.........####.###.###
######.### #.# #.#
#.# #.# #.# #.# #.#
#.# #.# #)# #g# #.#
#.# #.. ##.######)#
#... #..##....[#
.K...


You could see Ijyb.

Vanquished Creatures
  An orc wizard (D:3)
  3 gnolls (D:2)
  2 adders (D:2)
  2 worms (D:2)
  3 leopard geckos
  4 orcs (D:3)
  11 bats
  3 giant cockroaches
  8 goblins
  3 hobgoblins
  18 jackals
  A quokka (D:2)
  A ball python (D:1)
  9 frilled lizards
  4 kobolds
  7 rats
80 creatures vanquished.

Notes
Turn   | Place    | Note
-------+----------+-------------------------------------------
     0 | D:1      | Anon1729 the Spriggan Venom Mage began the quest for the
                  | Orb.
     0 | D:1      | Reached XP level 1. HP: 9/9 MP: 5/5
   520 | D:1      | Reached XP level 2. HP: 13/13 MP: 4/7
   523 | D:1      | Learned a level 2 spell: Poisonous Vapours
  1216 | D:1      | Reached XP level 3. HP: 16/16 MP: 6/8
  1810 | D:2      | Reached XP level 4. HP: 20/21 MP: 7/11
  2357 | D:2      | Found a radiant altar of Vehumet.
  2994 | D:3      | Found an iron altar of Okawaru.
  3055 | D:3      | Reached XP level 5. HP: 9/24 MP: 3/12
  3309 | D:3      | Found a shadowy altar of Dithmenos.
  3421 | D:3      | Found a burning altar of Makhleb.
  3423 | D:3      | Noticed a blizzard demon
  3427 | D:3      | Noticed a neqoxec
  3427 | D:3      | Noticed a ynoxinul
  3699 | D:3      | Noticed Ijyb
  3704 | D:3      | Splashed by Ijyb's acid

Illustrated notes

Levels and vault maps discovered:
D:1:      minmay_arrival_four_circles, layout_loops_ring, st_stairs_4
D:2:      layout_basic, vehumet_crystals, glass_columns_b
D:3:      layout_loops_ring, okawaru_ov_weapons_minmay, marbit_many_paths,
          makhleb_altar_promises_db, uniq_ijyb

Skill      XL: |  1  2  3  4 |
---------------+-------------+-----
Spellcasting   | 3 4 |  4.5
Dodging        | 3 |  3.5
Transmutations | 2 |  2.6
Poison Magic   | 4 |  4.2
Stealth        | |  3.6

Action                   |  1- 3 |  4- 6 || total
-------------------------+-------+-------++-------
Melee: Unarmed           |     3 |       ||     3
       Whip              |     4 |    15 ||    19
 Cast: Sting             |    65 |    87 ||   152
       Poisonous Vapours |       |     4 ||     4
Armor: Robe              |     1 |     7 ||     8
Dodge: Dodged            |    23 |    48 ||    71

Table legend: (Time is in decaauts)
 A = Elapsed time spent in this place.
 B = Non-inter-level travel time spent in this place.
 C = Inter-level travel time spent in this place.
 D = Time resting spent in this place.
 E = Time spent auto-exploring this place.
 F = Levels seen in this place.
 G = Mean time per level.
                   A        B        C        D        E       F      G
               +--------+--------+--------+--------+--------+-----+--------+
         Total |   3014 |   2982 |     32 |    620 |   1915 |   3 | 1004.7 |
       Dungeon |   3014 |   2982 |     32 |    620 |   1915 |   3 | 1004.7 |
               +--------+--------+--------+--------+--------+-----+--------+

Top non-repeatable levels by time:
     D:2: 1340 daAuts
     D:1: 1108 daAuts
     D:3: 565 daAuts
